 Dungeon Crawl Stone Soup version 0.24.1-8-ga250c9d538 (webtiles) character file.

Game seed: 15576496841328708032, levelgen mode: deterministic

262 Hugehornet the Cleaver (level 6, -13/51 HPs)
             Began as a Hill Orc Fighter on Apr 29, 2020.
             Mangled by an ogre
             ... wielding a +0 giant club
              (23 damage)
             ... on level 4 of the Dungeon.
             The game lasted 00:05:35 (3720 turns).

Hugehornet the Cleaver (Hill Orc Fighter)           Turns: 3720, Time: 00:05:36

Health: -13/51     AC:  6    Str: 21    XL:     6   Next: 18%
Magic:  6/6        EV:  7    Int:  8    God:
Gold:   198        SH:  9    Dex: 10    Spells: 5/5 levels left

rFire    . . .     SeeInvis +   a - +0 war axe
rCold    . . .     Gourm    .   c - +0 shield
rNeg     . . .     Faith    .   b - +0 scale mail
rPois    +         Spirit   .   (no helmet)
rElec    .         Reflect  .   (no cloak)
rCorr    .         Harm     .   (no gloves)
MR       .....                  (no boots)
Stlth    ..........             n - amulet of inaccuracy (curse)
HPRegen  0.17/turn              g - ring of see invisible
MPRegen  0.10/turn              o - ring of poison resistance

@: no status effects
A: no striking features
a: no special abilities


You were on level 4 of the Dungeon.
You were hungry.

You visited 1 branch of the dungeon, and saw 4 of its levels.

You collected 198 gold pieces.

Inventory:

Hand Weapons
 a - a +0 war axe (weapon)
Armour
 b - a +0 scale mail (worn)
 c - a +0 shield (worn)
Jewellery
 g - a ring of see invisible (left hand)
 h - an uncursed amulet of the gourmand
 n - a cursed amulet of inaccuracy (around neck)
 o - a ring of poison resistance (right hand)
Scrolls
 e - 2 scrolls of teleportation
 l - a scroll of identify
 m - a scroll of magic mapping {unknown}
Potions
 d - a potion of curing
 i - a potion of brilliance
 j - a potion of lignification
 k - a potion of haste
Comestibles
 f - 4 rations


   Skills:
 - Level 3.6 Fighting
 + Level 8.3 Axes
 - Level 3.2 Armour
 - Level 3.2 Shields


You had 5 spell levels left.
You didn't know any spells.
Your spell library contained the following spells:

 Spells                   Type           Power        Failure   Level  Hunger
 Animate Skeleton         Necr           N/A          99%         1    ##.....
 Apportation              Tloc           #.....       99%         1    ##.....
 Confusing Touch          Hex            #.....       99%         1    ##.....
 Summon Small Mammal      Summ           #...         99%         1    ##.....


Dungeon Overview and Level Annotations

Branches:
Dungeon (4/15)
 Temple: D:4-7

Altars:

Annotations:
D:4 1 runed translucent door, Grinder


Message History

* * * LOW HITPOINT WARNING * * *
You can move again.
You are feeling hungry.
You hit the ogre.
The ogre is heavily wounded.
You block the ogre's attack. Grinder hits you but does no damage.
You closely miss the ogre.
The ogre is heavily wounded.
You closely miss Grinder. The ogre hits you with a +0 giant club.
* * * LOW HITPOINT WARNING * * *
You block Grinder's attack.
Your shield prevents you from hitting the ogre.
The ogre is heavily wounded.
Your shield prevents you from hitting Grinder.
Grinder blinks!
The ogre hits you with a +0 giant club.
* * * LOW HITPOINT WARNING * * *
You hit the ogre but do no damage.
The ogre is heavily wounded.
The ogre hits you with a +0 giant club!!
You die...

#...........†..##
#..........^.....
#.............#..
##..............##
#...............#
#..............##
#..#..........##
#..##.......###
#####
#@.####...###
......#O.# #####
#........#
#........#
...%......#
...........#
...........#
.........#..
.......###..#


You could see an ogre.

Vanquished Creatures
  An orc priest (D:3)
  An iguana (D:4)
  2 orc wizards
  Terence (D:2)
  5 adders
  An adder skeleton (D:4)
  A worm (D:2)
  A dart slug (D:3)
  3 leopard geckos
  5 orcs
  2 giant cockroaches
  6 goblins
  10 hobgoblins
  3 jackals (D:3)
  9 kobolds
  4 quokkas
  7 bats
  6 frilled lizards
  6 rats
74 creatures vanquished.

Notes
Turn   | Place    | Note
-------+----------+-------------------------------------------
     0 | D:1      | Hugehornet the Hill Orc Fighter began the quest for the
                  | Orb.
     0 | D:1      | Reached XP level 1. HP: 19/19 MP: 1/1
    46 | D:1      | Reached skill level 3 in Axes
   120 | D:1      | Reached XP level 2. HP: 21/26 MP: 2/2
   202 | D:1      | Reached skill level 4 in Axes
   558 | D:1      | Reached XP level 3. HP: 31/31 MP: 3/3
   740 | D:2      | Noticed Terence
   748 | D:2      | Killed Terence
   748 | D:2      | Reached skill level 5 in Axes
   823 | D:2      | Reached XP level 4. HP: 26/39 MP: 4/4
  1100 | D:2      | Reached skill level 6 in Axes
  2321 | D:3      | Reached XP level 5. HP: 44/45 MP: 5/5
  2459 | D:3      | Reached skill level 7 in Axes
  3146 | D:4      | Reached skill level 8 in Axes
  3146 | D:4      | Reached XP level 6. HP: 24/51 MP: 6/6
  3488 | D:4      | Found a runed translucent door.
  3705 | D:4      | Noticed Grinder
  3711 | D:4      | Paralysed by Grinder for 4 turns
  3720 | D:4      | Mangled by an ogre

Levels and vault maps discovered:
D:1:      dpeg_arrival_rooms_a, layout_basic, minmay_split_cup_small
D:2:      layout_basic, minmay_misc_feat_iff, kennysheep_generic_room_8,
          uniq_terence
D:3:      layout_basic, first_ration
D:4:      layout_cave_pods, ebering_ghost_sewer_d, uniq_grinder

Skill      XL: |  1  2  3  4  5 |
---------------+----------------+-----
Axes           | 3 4 5 6 8 |  8.3
Fighting       | |  3.6
Armour         | |  3.2
Shields        | |  3.2

Action                   |  1- 3 |  4- 6 || total
-------------------------+-------+-------++-------
Melee: War axe           |   110 |   173 ||   283
  Use: Potion            |       |     3 ||     3
       Scroll            |       |     6 ||     6
  Eat: Chunk             |       |     2 ||     2
       Ration            |       |     2 ||     2
Armor: Scale mail        |    48 |    81 ||   129
Dodge: Dodged            |    42 |    57 ||    99
Block: Shield            |    63 |    72 ||   135
